 Dungeon Sprint DCSS version 0.23-a0-451-g1044d4c (webtiles) character file.

49711 Kidiri the Peltast (level 13, -3/138 HPs)
             Began as a Minotaur Fighter on Nov 23, 2018.
             Was a High Priest of Okawaru.
             Killed by drain life
             ... invoked by a soul eater
             ... summoned by a deep elf demonologist
              (12 damage)
             ... in the Dungeon (Sprint III: "The Ten Rune Challenge") on Nov 24, 2018.
             The game lasted 00:36:02 (7496 turns).

Kidiri the Peltast (Minotaur Fighter)               Turns: 7496, Time: 00:36:02

Health: -3/138     AC: 18    Str: 30    XL:     13   Next: 54%
Magic:  0/17       EV: 23    Int:  5    God:    Okawaru [*****.]
Gold:   266        SH: 19    Dex: 17    Spells: 12/12 levels left

rFire    + + +     SeeInvis .   h - +4 scimitar of Racwenad {slice, -Tele rF+++ rC++}
rCold    + + .     Gourm    .   y - +0 shield {reflect}
rNeg     . . .     Faith    .   A - +1 scale mail "Pughom" {Str+3 Dex+4 Slay+3} (curse)
rPois    .         Spirit   +   (helmet unavailable)
rElec    .         Reflect  +   x - +2 cloak {MR+}
rCorr    .         Harm     .   u - +2 pair of gloves {archery}
MR       +....     NoTele   +   (no boots)
Stlth    ++........             c - amulet of guardian spirit
HPRegen  0.33/turn              (no ring)
MPRegen  0.15/turn              (no ring)

@: heroism, flying (expiring), drained
A: retaliatory headbutt, horns 3, agile 1, deformed body, strong 1
}: 1/10 runes: barnacled
a: Heroism, Finesse, Renounce Religion


You were in the Dungeon.
You worshipped Okawaru.
Okawaru was extremely pleased with you.
You were not hungry.

You visited 1 branch You collected 2008 gold pieces.
You spent 1742 gold pieces at shops.

Inventory:

Hand Weapons
 h - the +4 scimitar of Racwenad (weapon) {slice, -Tele rF+++ rC++}
   (Okawaru gifted it to you in the Dungeon)

   It inflicts extra damage upon your enemies.
   It renders you almost immune to fire.
   It greatly protects you from cold.
   It prevents most forms of teleportation.
 m - a +4 long sword of holy wrath
Missiles
 p - a throwing net (quivered)
Armour
 d - a +0 plate armour
 u - a +2 pair of gloves of archery (worn)
 x - a +2 cloak of magic resistance (worn)
 y - a +0 shield of reflection (worn)
 A - the cursed +1 scale mail "Pughom" (worn) {Str+3 Dex+4 Slay+3}
   (You found it in the Dungeon)

   It affects your strength (+3).
   It affects your dexterity (+4).
   It affects your accuracy and damage with ranged weapons and melee attacks
   (+3).
   It has a curse placed upon it.
Jewellery
 a - a +5 amulet of reflection
 c - an amulet of guardian spirit (around neck)
Wands
 z - a wand of digging (3)
Scrolls
 b - 2 scrolls of identify
 k - a scroll of blinking
 l - a scroll of remove curse
 o - a scroll of holy word
 s - 3 scrolls of immolation
 t - a scroll of amnesia
Potions
 e - 3 potions of curing
 i - 2 potions of magic
 n - 5 potions of mutation
 r - 3 potions of flight
 v - 2 potions of lignification
 w - a potion of berserk rage
Comestibles
 f - 10 rations


   Skills:
 * Level 19.6(23.6) Fighting
 * Level 19.4(23.5) Long Blades
 * Level 19.5(23.6) Armour
 + Level 13.4(17.5) Dodging
 * Level 19.6(23.6) Shields
 + Level 6.8(6.2) Invocations


You had 12 spell levels left.
You didn't know any spells.
Your spell library contained the following spells:

 Spells                   Type           Power        Failure   Level  Hunger
 Animate Skeleton         Necr           N/A          58%         1    ##.....
 Apportation              Tloc           #.....       58%         1    ##.....
 Confusing Touch          Hex            #.....       58%         1    ##.....
 Summon Small Mammal      Summ           #...         58%         1    ##.....
 Confuse                  Hex            #.......     92%         3    ####...
 Gell's Gravitas          Tloc           #.........   92%         3    ####...
 Petrify                  Tmut/Erth      #.......     100%        4    #####..
 Metabolic Englaciation   Hex/Ice        #.........   100%        5    ######.
 Yara's Violent Unravell  Hex/Tmut       #.........   100%        5    ######.
 Poison Arrow             Conj/Pois      #.........   100%        6    #######
 Chain Lightning          Conj/Air       #.........   100%        8    #######
 Lehudib's Crystal Spear  Conj/Erth      #.........   100%        8    #######
 Fire Storm               Conj/Fire      #.........   100%        9    #######
 Glaciate                 Conj/Ice       #.........   100%        9    #######


Dungeon Overview and Level Annotations

Branches:
Dungeon (1/1)

Altars:
Cheibriados
Dithmenos
Elyvilon
Fedhas
Gozag
Hepliaklqana
Kikubaaqudgha
Makhleb
Nemelex Xobeh
Okawaru
Qazlal
Ru
Sif Muna
Trog
Uskayaw
Vehumet
Wu Jian
Xom
Yredelemnul
Zin
The Shining One
Beogh
Jiyva
Lugonu

Shops:
D :?[==%?:[[}[?!=(

Annotations:
D exclusions: 4 doors and 2 more exclusions


Innate Abilities, Weirdness & Mutations

You reflexively headbutt those who attack you in melee.
You have a pair of large horns on your head.
You are agile. (Dex +2)
Armour fits poorly on your strangely shaped body.
Your muscles are strong. (Str +2)


Message History

The soul eater draws from the surrounding life force!
* * * LOW HITPOINT WARNING * * *
You block the soul eater's attack.
Unknown command.
Unknown command.
The Tzitzimitl gestures at you.
The bolt of negative energy hits the soul eater.
The soul eater completely resists.
The bolt of negative energy hits you!
You feel drained.
* * * LOW HITPOINT WARNING * * *
Unknown command.
The Tzitzimitl calls on the powers of darkness!
Your body is wracked with pain!
* * * LOW HITPOINT WARNING * * *
Unknown command.
You are starting to lose your buoyancy.
There is an open door here.
Unknown command.
The soul eater draws from the surrounding life force!
You die...

▓▓▓▓▓▓▓
#######.....###################**
_#__##..#..#...'.#...##ee((4535,,
.#)_#.........##.#...##≈≈≈≈##..**
##+##..........#.#..13≈≈2e4ee.5,*
....#.........##@#..(##≈≈≈≈##{.**
....#[##∩##..#.#)'3..##....'...,,
###'#)#######..################**
#...#'###########################
#...#....#.#.#.....#......+...≈≈#
#..[##.#..#.##.###.#......#...≈≈#
#..)+##[#.#.##)#.[##......#...≈≈≈
+...#))[#..#..##..'.......#...≈≈≈
▓▓▓▓▓▓▓▓▓▓▓▓▓▓▓▓▓▓#.......#......


You could see a Tzitzimitl and 2 soul eaters.

Vanquished Creatures
  Rupert (D)
  Gastronok (D)
  A kraken (D)
  Frances (D)
  Donald (D)
  A deep elf demonologist (D)
  2 dire elephants (D)
  A fire dragon (D)
  Erolcha (D)
  A centaur warrior (D)
  2 alligator snapping turtles (D)
  4 dancing weapons (D)
  4 orc high priests (D)
  4 death yaks (D)
  Urug (D)
  A deep elf knight (D)
  An orange crystal statue (D)
  An orc knight (D)
  A lindwurm (D)
  5 deep elf magi (D)
  2 elephants (D)
  2 spiny frogs (D)
  2 black mambas (D)
  A komodo dragon (D)
  A rime drake (D)
  A torpor snail (shapeshifter) (D)
  A queen bee (D)
  3 wandering mushrooms (D)
  4 spriggan defenders (D)
  2 tyrant leeches (D)
  2 slime creatures (D)
  4 snapping turtles (D)
  8 blink frogs (D)
  A shadow (D)
  5 redbacks (D)
  A spatial vortex (D)
  A swamp drake (D)
  An orc warrior (D)
  A necrophage (D)
  5 two-headed ogres (D)
  A water elemental (D)
  32 killer bees (D)
  A jelly (D)
  4 orc priests (D)
  A wizard (D)
  An orc wizard (D)
  Jessica (D)
  A necromancer (D)
  3 humans (D)
  A kobold demonologist (D)
  A wolf (D)
  An ooze (D)
  11 orcs (D)
  A rat (D)
  A fungus (D)
  6 plants (D)
  3 tentacles (D)
153 creatures vanquished.

Vanquished Creatures (others)
  2 draconian scorchers (D)
  6 hellions (D)
  3 yaktaurs (D)
  An electric eel (D)
  8 plants (D)
  13 tentacles (D)
33 creatures vanquished.

Grand Total: 186 creatures vanquished

Notes
Turn   | Place    | Note
-------+----------+-------------------------------------------
     0 | D        | Kidiri the Minotaur Fighter began the quest for the Orb.
     0 | D        | Reached XP level 1. HP: 19/19 MP: 0/0
    40 | D        | Noticed Jessica
    53 | D        | Killed Jessica
    53 | D        | Reached skill level 5 in Fighting
    53 | D        | Reached skill level 5 in Armour
    53 | D        | Reached skill level 1 in Dodging
    53 | D        | Reached skill level 5 in Shields
    53 | D        | Reached XP level 2. HP: 28/29 MP: 1/1
    53 | D        | Reached XP level 3. HP: 34/36 MP: 2/2
    85 | D        | Killed a hellion
   109 | D        | Killed a hellion
   110 | D        | Killed a hellion
   111 | D        | Killed a hellion
   111 | D        | Killed a hellion
   111 | D        | Killed a hellion
   186 | D        | Killed a white draconian scorcher
   196 | D        | Killed a white draconian scorcher
   298 | D        | Killed a yaktaur
   377 | D        | Gained mutation: You are agile. (Dex +2) [potion of
                  | mutation]
   377 | D        | Gained mutation: Your muscles are strong. (Str +2) [potion
                  | of mutation]
   377 | D        | Gained mutation: Armour fits poorly on your strangely
                  | shaped body. [potion of mutation]
   377 | D        | Gained mutation: You have a pair of large horns on your
                  | head. [potion of mutation]
   428 | D        | Noticed a water elemental
   433 | D        | Killed a water elemental
   433 | D        | Reached skill level 5 in Long Blades
   433 | D        | Reached XP level 4. HP: 21/45 MP: 3/3
   629 | D        | Found a hide-covered altar of Uskayaw.
   629 | D        | Found a roughly hewn altar of Beogh.
   629 | D        | Found an iron altar of Okawaru.
   629 | D        | Found a bloodstained altar of Trog.
   629 | D        | Found an ornate altar of the Wu Jian Council.
   629 | D        | Noticed a human
   629 | D        | Noticed a human
   654 | D        | Killed a human
   654 | D        | Reached XP level 5. HP: 35/53 MP: 4/4
   654 | D        | Reached XP level 6. HP: 40/61 MP: 5/5
   658 | D        | Killed a human
   686 | D        | Became a worshipper of Warmaster Okawaru
   764 | D        | Found a radiant altar of Vehumet.
   765 | D        | Found a deep blue altar of Sif Muna.
   765 | D        | Found an ancient bone altar of Kikubaaqudgha.
   768 | D        | Reached skill level 5 in Dodging
   792 | D        | Found a glowing silver altar of Zin.
   793 | D        | Found a glowing golden altar of the Shining One.
   793 | D        | Found a white marble altar of Elyvilon.
   793 | D        | Noticed a deep elf mage
   804 | D        | Killed a deep elf mage
   804 | D        | Reached * piety under Okawaru
   804 | D        | Reached skill level 10 in Fighting
   804 | D        | Reached skill level 10 in Armour
   804 | D        | Reached skill level 10 in Shields
   804 | D        | Reached XP level 7. HP: 57/72 MP: 6/6
   916 | D        | Killed a yaktaur
   979 | D        | Found a basalt altar of Yredelemnul.
   979 | D        | Found a shadowy altar of Dithmenos.
   979 | D        | Found a sacrificial altar of Ru.
   983 | D        | Reached skill level 10 in Long Blades
  1009 | D        | Noticed a shadow
  1016 | D        | Killed a shadow
  1016 | D        | Reached XP level 8. HP: 63/81 MP: 4/7
  1025 | D        | Found a blossoming altar of Fedhas.
  1025 | D        | Found a stormy altar of Qazlal.
  1025 | D        | Found a snail-covered altar of Cheibriados.
  1025 | D        | Found a burning altar of Makhleb.
  1025 | D        | Found a shimmering altar of Xom.
  1026 | D        | Found a hazy altar of Hepliaklqana.
  1026 | D        | Found an opulent altar of Gozag.
  1026 | D        | Found a sparkling altar of Nemelex Xobeh.
  1026 | D        | Found a corrupted altar of Lugonu.
  1026 | D        | Found a viscous altar of Jiyva.
  1037 | D        | Reached ** piety under Okawaru
  1159 | D        | Noticed a two-headed ogre
  1167 | D        | Killed a two-headed ogre
  1232 | D        | Noticed a two-headed ogre
  1232 | D        | Noticed Erolcha
  1242 | D        | Killed Erolcha
  1242 | D        | Reached *** piety under Okawaru
  1242 | D        | Reached XP level 9. HP: 63/90 MP: 5/8
  1247 | D        | Killed a two-headed ogre
  1250 | D        | Reached **** piety under Okawaru
  1468 | D        | Noticed a queen bee
  1478 | D        | Killed a queen bee
  2060 | D        | Reached XP level 10. HP: 95/101 MP: 6/9
  2385 | D        | Noticed a spiny frog
  2385 | D        | Noticed a spiny frog
  2391 | D        | Killed a spiny frog
  2391 | D        | Reached ***** piety under Okawaru
  2404 | D        | Killed a spiny frog
  2603 | D        | Noticed a lindwurm
  2607 | D        | Killed a lindwurm
  2610 | D        | Received a gift from Okawaru
  2668 | D        | Noticed Urug
  2685 | D        | Killed Urug
  2685 | D        | Reached skill level 15 in Fighting
  2685 | D        | Reached skill level 15 in Shields
  2685 | D        | Reached XP level 11. HP: 112/112 MP: 3/10
  2781 | D        | Reached skill level 10 in Dodging
  2789 | D        | Reached skill level 15 in Armour
  3299 | D        | Reached skill level 15 in Long Blades
  3461 | D        | Noticed an orc high priest
  3461 | D        | Noticed an orc high priest
  3461 | D        | Noticed an orc knight
  3488 | D        | Killed an orc knight
  3561 | D        | Killed an orc high priest
  3566 | D        | Killed an orc high priest
  3870 | D        | Found Ryaklo's Jewellery Shop.
  4068 | D        | Bought a +5 amulet of reflection for 494 gold pieces
  4129 | D        | Noticed Rupert
  4157 | D        | Killed Rupert
  4157 | D        | Received a gift from Okawaru
  4311 | D        | Noticed a death yak
  4312 | D        | Noticed a death yak
  4314 | D        | Noticed a death yak
  4315 | D        | Noticed a death yak
  4320 | D        | Killed a death yak
  4327 | D        | Killed a death yak
  4336 | D        | Killed a death yak
  4363 | D        | Killed a death yak
  4363 | D        | Reached XP level 12. HP: 46/124 MP: 6/11
  4636 | D        | Noticed an azure jelly
  4636 | D        | Noticed an azure jelly
  4649 | D        | Noticed an azure jelly
  4649 | D        | Noticed an azure jelly
  4725 | D        | Received a gift from Okawaru
  4725 | D        | Reached skill level 1 in Invocations
  4730 | D        | Got a dazzling scimitar {god gift}
  4731 | D        | Identified the +4 scimitar of Racwenad {slice, -Tele rF+++
                  | rC++} (Okawaru gifted it to you in the Dungeon)
  4733 | D        | Noticed a kraken
  4756 | D        | Killed a kraken
  4940 | D        | Noticed an alligator snapping turtle
  4940 | D        | Noticed an alligator snapping turtle
  5356 | D        | Killed an alligator snapping turtle
  5704 | D        | Killed an alligator snapping turtle
  5781 | D        | Found Soklopp's Antique Armour Shop.
  5781 | D        | Found Biskic's Magic Scroll Boutique.
  5781 | D        | Found Jempym's Book Shoppe.
  5790 | D        | Got a barnacled rune of Zot
  5792 | D        | Bought a pair of embroidered gloves for 187 gold pieces
  5799 | D        | Bought a scroll of enchant weapon for 75 gold pieces
  5799 | D        | Bought a scroll of enchant armour for 75 gold pieces
  5799 | D        | Bought a scroll of enchant weapon for 75 gold pieces
  5861 | D        | Noticed a dire elephant
  5861 | D        | Noticed a dire elephant
  5861 | D        | Noticed Gastronok
  5873 | D        | Killed a dire elephant
  5879 | D        | Killed a dire elephant
  5892 | D        | Killed Gastronok
  6153 | D        | Noticed Donald
  6153 | D        | Noticed Frances
  6159 | D        | Killed Donald
  6159 | D        | Reached skill level 5 in Invocations
  6159 | D        | Reached XP level 13. HP: 123/136 MP: 12/15
  6167 | D        | Killed Frances
  6167 | D        | Received a gift from Okawaru
  6230 | D        | Bought an uncursed amulet of guardian spirit for 360 gold
                  | pieces
  6908 | D        | Found Piegaip's Antique Armour Emporium.
  6908 | D        | Found Wuew's Antique Armour Shop.
  6908 | D        | Found Yremaj's Antique Weapon Shoppe.
  6908 | D        | Found Yfac's Armour Boutique.
  6908 | D        | Found Xinoiv Kyne's Gadget Emporium.
  6908 | D        | Found Soofar's Jewellery Shop.
  6908 | D        | Found Burel's Distillery.
  6908 | D        | Found Bopsiq Weep's Magic Scroll Boutique.
  6909 | D        | Found Zeim's Book Boutique.
  6909 | D        | Found Vaudaq's Magic Scroll Shoppe.
  6909 | D        | Found Ciqucvukh's Food Shop.
  6909 | D        | Found Piukho Ahij's Jewellery Emporium.
  6925 | D        | Bought a scroll of identify for 24 gold pieces
  6925 | D        | Bought a scroll of identify for 24 gold pieces
  6925 | D        | Bought a scroll of identify for 24 gold pieces
  6925 | D        | Bought a scroll of identify for 24 gold pieces
  6928 | D        | Bought a scroll of magic mapping for 42 gold pieces
  6960 | D        | Bought a potion of curing for 39 gold pieces
  6960 | D        | Bought a potion of flight for 39 gold pieces
  6960 | D        | Bought a potion of flight for 39 gold pieces
  6960 | D        | Bought a potion of heal wounds for 65 gold pieces
  6960 | D        | Bought a potion of curing for 39 gold pieces
  6960 | D        | Bought 2 potions of curing for 78 gold pieces
  6960 | D        | Bought a potion of curing for 39 gold pieces
  7100 | D        | Noticed a fire dragon
  7106 | D        | Killed a fire dragon
  7137 | D        | Got a diamond-encrusted scale mail
  7148 | D        | Identified the cursed +1 scale mail "Pughom" {Str+3 Dex+4
                  | Slay+3} (You found it in the Dungeon)
  7340 | D        | Noticed a deep elf demonologist
  7342 | D        | Noticed a deep elf annihilator
  7342 | D        | Noticed a deep elf death mage
  7346 | D        | Noticed a deep elf master archer
  7466 | D        | Noticed a deep elf demonologist
  7468 | D        | Noticed a deep elf demonologist
  7471 | D        | Noticed a green death
  7472 | D        | Killed a deep elf demonologist
  7474 | D        | Noticed a Tzitzimitl
  7475 | D        | Noticed a reaper
  7476 | D        | Killed a ghostly deep elf demonologist
  7480 | D        | Killed a deep elf death mage
  7485 | D        | HP: 5/138 [green death/bolt of poison[a deep elf
                  | demonologist] (14)]
  7486 | D        | HP: 2/138 [poisoned by a green death (bolt of poison)]
  7496 | D        | Killed from afar by a soul eater

Vault maps used:
D:        dungeon_sprint_mu

Skill      XL: |  1  2  3  4  5  6  7  8  9 10 11 12 13 |
---------------+----------------------------------------+-----
Fighting       | 5 6 7 10 12 13 15 16 18 19 | 19.6
Long Blades    | 4 5 7 9 10 12 13 14 16 18 19 | 19.4
Armour         | 5 6 7 10 12 13 14 16 18 19 | 19.5
Shields        | 5 6 7 10 12 13 15 16 18 19 | 19.6
Dodging        | 1 3 4 6 7 8 9 11 12 13 | 13.4
Invocations    | 5 6 |  6.8

Action                   |  1- 3 |  4- 6 |  7- 9 | 10-12 | 13-15 || total
-------------------------+-------+-------+-------+-------+-------++-------
Melee: Long sword        |    34 |    31 |   112 |   297 |       ||   474
       Headbutt          |     3 |     5 |    35 |   143 |    42 ||   228
       Scimitar          |       |       |       |   111 |   122 ||   233
Throw: Throwing net      |       |       |     4 |     7 |     1 ||    12
       Javelin           |       |       |       |     1 |     6 ||     7
Invok: Heroism           |       |       |     9 |    27 |     5 ||    41
       Finesse           |       |       |       |     9 |     3 ||    12
  Use: Scroll            |     3 |       |       |     4 |     5 ||    12
       Potion            |     2 |     2 |     4 |       |     4 ||    12
 Stab: Sleeping          |       |       |       |     3 |       ||     3
       Held in net/web   |       |       |       |     2 |       ||     2
       Distracted        |       |       |       |     1 |       ||     1
  Eat: Chunk             |       |       |     2 |     5 |     4 ||    11
       Ration            |       |       |     1 |     2 |       ||     3
Armor: Scale mail        |     4 |     4 |       |       |     3 ||    11
       Ring mail         |       |     2 |     3 |    10 |       ||    15
       Plate armour      |       |       |       |    11 |    16 ||    27
Dodge: Dodged            |    13 |    11 |    45 |   100 |    56 ||   225
Block: Shield            |    13 |    12 |    81 |   203 |    64 ||   373
       Reflection        |       |       |       |       |     4 ||     4
       Rpst.: Long sword |     4 |     3 |    13 |    30 |       ||    50
       Scimitar          |       |       |       |     4 |    12 ||    16

Table legend:
 A = Non-vault XP
 B = Vault XP
 C = Vault XP percentage of total XP
 D = Non-vault monster count
 E = Vault monster count
 F = Vault count percentage of total count
                 A         B        C        D         E       F
            +---------+---------+-------+---------+---------+-------
      Total |       0 |   52445 | 100.0 |       0 |     143 | 100.0
            +---------+---------+-------+---------+---------+-------
          D |       0 |   52445 | 100.0 |       0 |     143 | 100.0
            +---------+---------+-------+---------+---------+-------
